 Dungeon Crawl Stone Soup version 0.25-a0-583-g696c2ac64d (webtiles) character file.

Game seed: 7042739333113397936, levelgen mode: deterministic

20 An17 the Insei (level 2, -1/14 HPs)
             Began as a Vine Stalker Transmuter on Mar 8, 2020.
             Slain by a rat (2 damage)
             ... on level 2 of the Dungeon.
             The game lasted 00:03:21 (788 turns).

An17 the Insei (Vine Stalker Transmuter)             Turns: 788, Time: 00:03:21

Health: -1/14      AC:  2    Str: 12    XL:     2   Next: 79%
Magic:  0/6        EV: 12    Int: 13    God:
Gold:   61         SH:  0    Dex: 14    Spells: 3/6 levels left

rFire    . . .     SeeInvis .     - Unarmed
rCold    . . .     Gourm    .   (no shield)
rNeg     . . .     Faith    .   b - +0 robe
rPois    .         Spirit   +   (no helmet)
rElec    .         Reflect  .   (no cloak)
rCorr    .         Harm     .   (no gloves)
MR       .....                  (boots currently unavailable)
Stlth    +.........             (no amulet)
HPRegen  0.04/turn              (no ring)
MPRegen  0.10/turn              (no ring)

@: appendage, very slightly contaminated
A: fangs 2, talons 3, magic shield, antimagic bite, no potion heal 3, rot
immunity
a: End Transformation


You were on level 2 of the Dungeon.
You were not hungry.
You had grown temporary talons.
You visited 1 branch of the dungeon, and saw 2 of its levels.

You collected 61 gold pieces.

Inventory:

Missiles
 a - 11 arrows
 f - 4 curare-tipped darts (quivered)
Armour
 b - a +0 robe (worn)
Scrolls
 h - 3 scrolls of teleportation
Potions
 c - a potion of flight {unknown}
 e - 3 potions of curing
 g - a potion of brilliance
 i - a potion of heal wounds {unknown}
 j - a potion of lignification {unknown}
Comestibles
 d - 2 rations


   Skills:
 + Level 0.8 Fighting
 + Level 1.8 Dodging
 + Level 3.3 Unarmed Combat
 + Level 2.5 Spellcasting
 + Level 2.3 Transmutations


You had 3 spell levels left.
You knew the following spells:

 Your Spells              Type           Power        Failure   Level  Hunger
a - Beastly Appendage     Tmut           #.....       10%         1    #......
b - Sticks to Snakes      Tmut           #.......     14%         2    ###....

Your spell library contained the following spells:

 Spells                   Type           Power        Failure   Level  Hunger
 Spider Form              Tmut/Pois      #.........   41%         3    ###....
 Ice Form                 Ice/Tmut       #.......     83%         4    #####..
 Blade Hands              Tmut           #.........   95%         5    ######.


Dungeon Overview and Level Annotations

Branches:
Dungeon (1/15)

Altars:


Innate Abilities, Weirdness & Mutations

You have extremely sharp teeth.
When hurt, damage is shared between your health and your magic reserves.
Your bite disrupts and absorbs the magic of your enemies.
Potions cannot restore your health.
You are immune to rotting.
You have claws for feet.


Message History

Your ball python bites the worm.
Your ball python constricts the worm.
Casting: Sticks to Snakes (safe; 14% risk of failure)
Confirm with . or Enter, or press ? or * to list all spells.
Your feet morph into talons.
Your ball python bites the worm.
Your ball python constricts the worm.
The worm bites your ball python.
Your ball python dies!
You swing at nothing.
The worm closely misses you.
You hit the worm.
The worm is moderately wounded.
You hit the worm.
The worm is heavily wounded.
The worm bites you!
Ouch! That really hurt!
* * * LOW HITPOINT WARNING * * *
The rat closely misses you.
You hit the worm but do no damage.
The worm is moderately wounded.
The rat bites you.
You die...

#..# ##..# ...
...####. . ..#... .#
#. #...# #.#.?.
##...##.....#
######((..........
##.###.r@wKw.........#
........####.#(......#
...#....# #.#.......#
#....#### #.#.......#
#..# ..........# #.
.g...w...## .
...........#
...[.......#
............#


You could see a worm, a dart slug, a kobold and a rat.

Vanquished Creatures
  2 giant cockroaches (D:1)
  5 goblins (D:1)
  2 hobgoblins (D:1)
  5 bats
  A frilled lizard (D:1)
  A kobold (D:1)
  4 rats (D:1)
20 creatures vanquished.

Notes
Turn   | Place    | Note
-------+----------+-------------------------------------------
     0 | D:1      | An17 the Vine Stalker Transmuter began the quest for the
                  | Orb.
     0 | D:1      | Reached XP level 1. HP: 9/9 MP: 4/4
    89 | D:1      | Reached XP level 2. HP: 7/14 MP: 4/6
    93 | D:1      | Learned a level 2 spell: Sticks to Snakes
   763 | D:1      | You fall into a shaft and drop 1 floor!
   788 | D:2      | Slain by a rat

Levels and vault maps discovered:
D:1:      dpeg_arrival_subterranean_lakeside_camping, layout_rooms
D:2:      layout_rooms, minmay_three_crescents

Action                   || total
-------------------------++-------
Melee: Unarmed           ||    69
       Bite              ||    12
       Headbutt          ||     1
       Kick              ||     3
       Punch             ||     1
 Cast: Beastly Appendage ||    11
       Sticks to Snakes  ||     1
  Use: Scroll            ||     4
 Stab: Sleeping          ||     1
Armor: Robe              ||    20
Dodge: Dodged            ||    46

Table legend:
 A = Non-vault XP
 B = Vault XP
 C = Vault XP percentage of total XP
 D = Non-vault monster count
 E = Vault monster count
 F = Vault count percentage of total count
                 A         B        C        D         E       F
            +---------+---------+-------+---------+---------+-------
      Total |      21 |       8 |  27.6 |      14 |       6 |  30.0
            +---------+---------+-------+---------+---------+-------
        D:1 |      20 |       8 |  28.6 |      13 |       6 |  31.6
        D:2 |       1 |       0 |   0.0 |       1 |       0 |   0.0
            +---------+---------+-------+---------+---------+-------
